Map: King Sejong Station LE

Players

blackxored - Winner!

  • Race: Zerg Zerg
  • League: Platinum

Bobko

  • Race: Protoss Protoss
  • League: Platinum

VOD

Have the link to the VOD?

Description

Time

  • Played on: June 30, 2016, 5:28 a.m.
  • Length: 10:07
Show
View Real Time Build Order
Export as new Build Order

blackxored Zerg - Winner!

Build Orders: Hatch First 

Get SALT Encoding   

  12  0:01  Drone  
  13  0:10  Drone  
  14  0:19  Overlord  
  14  0:25  Extractor  
  14  0:26  Drone  
  15  0:38  Drone x2  
  17  0:54  Hatchery  
  17  0:57  Drone  
  17  0:59  Drone  
  18  1:11  Extractor  
  18  1:15  Spawning Pool  
  18  1:17  Drone  
  17  1:24  Drone  
  18  1:28  Drone  
  19  1:38  Overlord  
  19  1:49  Drone  
  20  2:02  Zergling x2  
  20  2:06  Queen  
  20  2:07  Zergling x2  
  24  2:11  Zergling x2  
  24  2:14  Metabolic Boost  
  25  2:19  Drone  
  26  2:34  Drone x3  
  29  2:43  Hatchery  
  28  2:45  Queen  
  28  2:47  Drone  
  28  2:48  Drone  
  32  2:53  Overlord  
  32  2:59  Pneumatized Carapace  
  32  3:08  Drone x3  
  35  3:16  Drone x3  
  38  3:28  Drone x2  
  38  3:34  Drone x2  
  42  3:41  Overlord  
  42  3:45  Drone  
  42  3:47  Drone  
  44  3:52  Roach Warren, Drone  
  44  4:00  Queen  
  45  4:13  Spore Crawler  
  45  4:15  Spore Crawler  
  43  4:17  Lair  
  43  4:21  Drone x10  
  53  4:26  Overlord  
  53  4:27  Spore Crawler  
  52  4:41  Drone x2  
  52  4:42  Drone  
  55  4:46  Extractor  
  55  4:47  Extractor, Drone x2  
  55  4:48  Drone x3  
  55  4:49  Extractor  
  55  4:51  Drone  
  58  4:53  Drone  
  59  5:02  Roach  
  59  5:03  Roach x2  
  59  5:04  Overlord x3  
  65  5:17  Hydralisk Den, Drone  
  65  5:18  Drone  
  66  5:22  Drone  
  66  5:24  Drone x3  
  66  5:26  Glial Reconstitution  
  70  5:30  Hatchery  
  70  5:31  Drone  
  70  5:33  Overseer x2  
  70  5:36  Drone x6  
  70  5:37  Drone  
  77  5:44  Drone  
  77  5:46  Baneling Nest  
  77  5:48  Muscular Augments  
  77  5:53  Extractor, Drone x5  
  77  5:54  Drone  
  77  5:55  Extractor  
  81  6:07  Overlord x3  
  81  6:25  Queen x2  
  85  6:28  Hydralisk x6  
  85  6:31  Zergling x2  
  85  6:32  Overlord x2  
  98  6:33  Centrifical Hooks  
  98  6:45  Drone  
  99  6:49  Drone  
  99  6:51  Drone  
  99  6:52  Spore Crawler  
  100  6:56  Drone  
  100  6:57  Hydralisk x9, Spore Crawler  
  118  7:04  Zergling x4  
  118  7:05  Overlord  
  118  7:06  Overlord x2  
  120  7:12  Spore Crawler  
  119  7:19  Lurker Den  
  119  7:26  Zergling x2  
  119  7:27  Zergling x16  
  128  7:33  Drone  
  128  7:35  Zergling x8, Evolution Chamber x2  
  128  7:36  Zergling x6  
  134  7:43  Drone x5  
  139  7:45  Drone x2  
  141  7:52  Queen  
  141  7:53  Drone  
  141  7:56  Baneling x15  
  141  7:57  Overlord x2  
  144  8:00  Baneling x2  
  144  8:01  Baneling x6  
  144  8:02  Baneling x3  
  144  8:03  Baneling  
  144  8:05  Overlord  
  144  8:08  Overlord  
  144  8:25  Zergling x4  
  144  8:26  Zergling x20  
  151  8:40  Hydralisk x7  
  155  8:47  Hatchery  
  154  8:51  Roach x6  
  154  8:52  Roach  
  166  8:56  Zergling x10  
  171  9:04  Baneling  
  171  9:05  Baneling x18  
  171  9:10  Drone x3  
  171  9:11  Drone  
  175  9:28  Overlord x4  
  175  9:37  Extractor x2  
Show
View Real Time Build Order
Export as new Build Order

Bobko Protoss 

Build Orders: 1 Gate Expand, Oracle Opening 

Get SALT Encoding   

  12  0:01  Probe (Chrono Boost)  
  13  0:11  Probe (Chrono Boost)  
  14  0:18  Pylon  
  14  0:28  Probe (Chrono Boost)  
  15  0:39  Probe (Chrono Boost)  
  15  0:42  Gateway  
  17  0:50  Probe (Chrono Boost)  
  17  0:54  Assimilator  
  17  1:00  Probe (Chrono Boost)  
  18  1:11  Probe (Chrono Boost)  
  19  1:35  Nexus  
  19  1:38  Cybernetics Core  
  20  1:40  Probe (Chrono Boost)  
  20  1:45  Assimilator  
  20  1:50  Probe (Chrono Boost)  
  21  2:00  Pylon  
  22  2:01  Probe (Chrono Boost)  
  22  2:10  Pylon  
  22  2:12  Probe (Chrono Boost)  
  23  2:20  Adept (Chrono Boost)  
  25  2:23  Warp Gate  
  25  2:24  Probe  
  26  2:36  Probe  
  27  2:40  Stargate  
  27  2:47  Probe  
  27  2:48  Probe  
  29  2:58  Probe  
  29  3:00  Mothership Core  
  32  3:15  Nexus  
  32  3:16  Probe  
  33  3:22  Probe  
  33  3:26  Oracle (Chrono Boost)  
  34  3:28  Probe (Chrono Boost)  
  34  3:34  Probe (Chrono Boost)  
  39  3:36  Assimilator  
  39  3:40  Probe (Chrono Boost)  
  40  3:45  Probe (Chrono Boost)  
  41  3:51  Probe (Chrono Boost)  
  42  3:56  Probe (Chrono Boost)  
  42  4:00  Stargate  
  42  4:01  Probe (Chrono Boost)  
  44  4:14  Probe (Chrono Boost)  
  45  4:18  Pylon  
  45  4:19  Probe (Chrono Boost)  
  45  4:21  Gateway  
  45  4:22  Gateway  
  46  4:31  Phoenix  
  48  4:32  Probe (Chrono Boost)  
  48  4:34  Probe (Chrono Boost)  
  48  4:35  Probe (Chrono Boost)  
  51  4:42  Probe (Chrono Boost)  
  51  4:45  Probe (Chrono Boost)  
  53  4:48  Stalker  
  53  4:51  Phoenix  
  57  4:53  Probe (Chrono Boost)  
  57  4:54  Twilight Council  
  57  4:58  Assimilator, Probe (Chrono Boost)  
  57  4:59  Phoenix  
  61  5:07  Probe x2 (Chrono Boost)  
  63  5:08  Probe (Chrono Boost)  
  64  5:16  Phoenix  
  64  5:17  Probe (Chrono Boost)  
  64  5:19  Gateway  
  67  5:21  Pylon  
  67  5:30  Probe x2 (Chrono Boost)  
  67  5:31  Probe (Chrono Boost)  
  70  5:39  Phoenix  
  70  5:41  Adept x3  
  78  5:46  Gateway  
  78  5:47  Gateway  
  78  5:51  Forge  
  78  5:52  Probe x3 (Chrono Boost)  
  81  6:00  Forge  
  81  6:04  Phoenix x2  
  85  6:14  Pylon  
  85  6:17  Pylon  
  85  6:21  Assimilator  
  85  6:22  Pylon  
  85  6:28  Templar Archives  
  88  6:33  Probe x3 (Chrono Boost)  
  88  6:36  Protoss Ground Weapons Level 1, Protoss Ground Armor Level 1  
  88  6:43  Protoss Air Weapons Level 1 (Chrono Boost), Fleet Beacon, Probe x3 (Chrono Boost)  
  88  6:45  Phoenix  
  93  6:47  Pylon  
  93  6:54  Adept  
  95  7:07  Probe  
  96  7:08  Probe  
  96  7:13  Phoenix x2  
  96  7:14  Assimilator  
  101  7:17  Zealot  
  101  7:19  Adept x3  
  106  7:32  Resonating Glaives (Chrono Boost)  
  106  7:40  Zealot x5  
  116  7:44  Pylon  
  116  7:47  Pylon  
  116  8:02  Zealot, Phoenix x2  
  116  8:04  Zealot  
  124  8:13  Adept x3  
  130  8:21  Gateway  
  130  8:22  Gateway  
  130  8:25  Robotics Facility  
  130  8:29  Gateway  
  130  8:31  Gateway  
  77  8:48  Adept x6  
  65  8:50  Phoenix x2  
  57  9:13  Adept x6  
  57  9:15  Phoenix  
  71  9:26  Adept x2  
  75  9:37  High Templar x5  
  85  9:42  Archon x2  
Tags
 
Add a new tag
Caveats
  • Supply blocks, unpowered buildings, or Contaminate may cause inaccurate times.
  • Supply counts are checked every 10 seconds.